 Dungeon Crawl Stone Soup version 0.14-b1-61-g429ec3a (webtiles) character file.

414 earthguest the Cleaver (level 6, 0/52 HPs)
             Began as a Hill Dwarf Fighter on May 1, 2014.
             Slain by an ice devil (4 damage)
             ... created by a Zot trap
             ... on Level 4 of the Dungeon.
             The game lasted 00:03:36 (1871 turns).

earthguest the Cleaver (Hill Dwarf Fighter)         Turns: 1871, Time: 00:03:38

HP   0/52        AC  9     Str 23      XL: 6   Next: 25%
MP   5/5         EV  5     Int  5      God:
Gold 86          SH 21     Dex 10      Spells:  0 memorised,  5 levels left

rFire  . . .     SeeInvis .     a - +0 war axe
rCold  . . .     Clarity  .     k - +0 chain mail
rNeg   . . .     Conserve .     o - +2 shield
rPois  .         rCorr    .     (no helmet)
rElec  .                        rSlow .
                                (no cloak)
SustAb . .       Spirit   .     (no gloves)
rMut   .         Warding  .     (no boots)
Saprov . . .     Stasis   .     (no amulet)
MR     .....                    (no ring)
                                (no ring)

@: slowed, very slow, not resistant to hostile enchantments, extremely
unstealthy
A: no striking features
a: no special abilities


You were on level 4 of the Dungeon.
You were hungry.

You visited 1 branch of the dungeon, and saw 4 of its levels.

You collected 86 gold pieces.

Inventory:

Hand weapons
 a - a +0,+0 war axe (weapon)
Armour
 c - a +0 shield
 k - a +0 chain mail (worn)
 o - a +2 shield (worn)
Magical devices
 v - a wand of confusion (10) {unknown}
Comestibles
 d - 3 bread rations
 g - 3 meat rations
 p - a choko
 s - a snozzcumber
 x - an apple
 z - 2 chunks of orc flesh
Scrolls
 f - 2 scrolls of enchant weapon I {unknown}
 h - 3 scrolls of identify {unknown}
 i - 2 scrolls of fog {unknown}
 j - a scroll of magic mapping {unknown}
 m - a scroll of blinking {unknown}
 q - a scroll of noise {unknown}
 r - a scroll of enchant armour {unknown}
 w - 2 scrolls of teleportation {unknown}
Potions
 e - 2 potions of might
 l - 2 potions of heal wounds {unknown}
 n - 2 potions of mutation {unknown}
 t - a potion of restore abilities {unknown}
 u - 2 potions of curing {unknown}
Books
 b - a book of Hinderance

   Spells                             Type                      Level
   Confusing Touch                    Hexes                        1
   Confuse                            Hexes                        3
   Petrify                            Transmutation/Earth          4
   Leda's Liquefaction                Hexes/Earth                  4
   Metabolic Englaciation             Hexes/Ice                    5
   Summon Mana Viper                  Hexes/Summoning              5


   Skills:
 - Level 3.7 Fighting
 + Level 8.8 Axes
 - Level 3.6 Armour
 - Level 3.6 Shields


You had 5 spell levels left.
You didn't know any spells.

Dungeon Overview and Level Annotations

Branches:
Dungeon (4/15)
 Temple: D:4-7

Altars:
Makhleb
Yredelemnul
Zin
The Shining One


Message History

Something turns its malign attention towards you...
A smoke demon, a chaos spawn and an ice devil come into view.
There is a Zot trap here.
You hit the ice devil but do no damage.
The ice devil hits you but does no damage.
There are monsters nearby!
You hit the ice devil but do no damage. You barely miss the chaos spawn.
You completely miss the smoke demon. The chaos spawn hits you!
You feel yourself slow down. The ice devil hits you! The ice devil freezes you!
Ouch! That really hurt!
* * * LOW HITPOINT WARNING * * *
The smoke demon hits you but does no damage. x2
You block the smoke demon's attack.
You hear a loud "Zot"!
The smoke demon hits you but does no damage.
The smoke demon hits you.
* * * LOW HITPOINT WARNING * * *
The smoke demon hits you but does no damage.
The ice devil hits you.
You die...

#### ##3.##
###@3_∩# ##...3.##
##..#..## #..#####
##..### ##...###
##....##...
####....#.......
#................#


You could see an ice devil, a smoke demon and a chaos spawn.

Vanquished Creatures
  A human (D:3)
  A hound (D:4)
  Jessica (D:2)
  6 adders
  A worm (D:2)
  An inept feature mimic (D:2)
  2 giant geckos
  5 orcs
  A ball python (D:3)
  6 bats
  4 goblins
  7 hobgoblins
  5 jackals
  2 quokkas (D:2)
  2 giant cockroaches
  2 giant newts (D:1)
  A goblin skeleton (D:3)
  A jackal skeleton (D:3)
  7 kobolds
  A kobold zombie (D:3)
  2 rats
59 creatures vanquished.

Notes
Turn   | Place    | Note
--------------------------------------------------------------
     0 | D:1      | earthguest, the Hill Dwarf Fighter, began the quest for the Orb.
     0 | D:1      | Reached XP level 1. HP: 19/19 MP: 1/1
   176 | D:1      | Reached XP level 2. HP: 24/27 MP: 2/2
   347 | D:1      | Reached skill level 4 in Axes
   626 | D:1      | Reached XP level 3. HP: 20/33 MP: 3/3
   706 | D:2      | Reached skill level 5 in Axes
   918 | D:2      | Noticed Jessica
   921 | D:2      | Killed Jessica
   921 | D:2      | Reached XP level 4. HP: 27/40 MP: 3/3
   996 | D:2      | Reached skill level 6 in Axes
  1596 | D:3      | Found a glowing silver altar of Zin.
  1693 | D:3      | Found a glowing golden altar of the Shining One.
  1729 | D:3      | Noticed a human
  1730 | D:3      | Found a basalt altar of Yredelemnul.
  1761 | D:3      | Killed a human
  1761 | D:3      | Reached skill level 8 in Axes
  1761 | D:3      | Reached XP level 5. HP: 29/46 MP: 4/4
  1761 | D:3      | Reached XP level 6. HP: 32/52 MP: 5/5
  1863 | D:4      | Found a burning altar of Makhleb.
  1868 | D:4      | Noticed an ice devil
  1868 | D:4      | Noticed a chaos spawn
  1868 | D:4      | Noticed a smoke demon
  1871 | D:4      | Slain by an ice devil

Action                   |  1- 3 |  4- 6 || total
-------------------------+-------+-------++-------
Melee: War axe           |   117 |    89 ||   206
